AoeStats
← FrankSinatrap

Scandinavia

510369938Analyzed
1v1 RM · 1d ago on Sep 30, 2026· 48m 13s· 2 players
Game mode
Random Map
Map size
Tiny (2 player)
Population
200
Speed
Normal
Resources
Standard
Victory
Conquest
Starting age
Dark Age
Ending age
Imperial Age
RankedLock teamsTeams togetherTeam positionsShared explorationLock speedFull tech treeHidden civsTurbo modeCheats
Victory
Defeat
🇬🇧 Aztecs · United Kingdom
1333
+15
🇲🇽 Bulgarians · Mexico
1307
-15
FrankSinatrap
7:23 Loom
9:53 Feudal Age
15:39 Arson
16:38 Double-Bit Axe
17:58 Scale Mail Armor
22:01 Castle Age
21:07 Padded Archer Armor
21:26 Fletching
22:47 Elite Skirmisher
24:34 Bodkin Arrow
26:30 Gambesons
27:16 Fishing Lines
29:55 Forging
30:06 Chain Mail Armor
30:41 Squires
40:03 Imperial Age
40:19 Leather Archer Armor
40:16 Forging
41:25 Plate Mail Armor
43:47 Wheelbarrow
43:03 Town Watch
43:37 Forging
43:28 Bracer
45:49 Iron Casting
44:41 Onager
46:33 Onager
jemelles
7:24 Loom
9:46 Feudal Age
9:48 Man-at-Arms
16:29 Fletching
21:31 Double-Bit Axe
24:00 Padded Archer Armor
29:29 Castle Age
28:35 Gold Mining
29:36 Stone Mining
33:54 Imperial Age
35:23 Stone Shaft Mining
35:29 Gold Shaft Mining
37:41 Bow Saw
37:38 Onager
38:37 Elite Jaguar Warrior
41:27 Scale Mail Armor
42:54 Conscription
42:46 Forging
43:05 Chain Mail Armor
43:06 Horse Collar
46:26 Arson
46:28 Gambesons
46:43 Squires
47:24 Iron Casting
Connection lost

Rejoining the realm…

Still unreachable

The connection could not be restored.

Session expired

The server has moved on; the page needs a fresh start.